 Dungeon Crawl Stone Soup version 0.28.0-45-g0d030f2227 (console) character file.

Game seed: 12685402855445075480

151 Banquo the Chopper (level 5, -2/47 HPs)
             Began as a Hill Orc Cinder Acolyte on Apr 5, 2022.
             Was a High Priest of Ignis.
             Slain by Ijyb
             ... wielding a +0 dagger
              (6 damage)
             ... on level 3 of the Dungeon.
             The game lasted 00:11:54 (3970 turns).

Banquo the Chopper (Hill Orc Cinder Acolyte)        Turns: 3970, Time: 00:11:55

Health: -2/47      AC:  5    Str: 19    XL:     5   Next: 33%
Magic:  6/6        EV: 10    Int: 14    God:    Ignis [*****.]
Gold:   93         SH:  2    Dex:  6    Spells: 6/6 levels left

rFire   + . .      SeeInvis .   b - +1 flail (protect)
rCold   . . .      Faith    .   i - +0 buckler
rNeg    . . .      Spirit   .   q - +0 ring mail
rPois   .          Reflect  .   (no helmet)
rElec   .          Harm     .   (no cloak)
rCorr   .          Rampage  .   (no gloves)
Will    .....                   (no boots)
Stlth   ..........              (no amulet)
HPRegen 0.15/turn               (no ring)
MPRegen 0.10/turn               (no ring)

@: no status effects
A: no striking features
a: Renounce Religion, Fiery Armour, Foxfire Swarm, Rising Flame


You were on level 3 of the Dungeon.
You worshipped Ignis.
Ignis was extremely pleased with you.
You visited 1 branch of the dungeon, and saw 3 of its levels.

You collected 93 gold pieces.

Inventory:

Hand Weapons
 a - a -1 hand axe of flaming
 b - a +1 flail of protection (weapon)
 j - a +0 hand axe
 s - a +0 halberd
 v - a +0 glaive
Missiles
 m - 67 stones (quivered)
 p - a throwing net
Armour
 c - a +0 leather armour
 i - a +0 buckler (worn)
 l - a +0 robe
 q - a +0 ring mail (worn)
Jewellery
 w - a ring of wizardry
Wands
 t - a wand of paralysis (8)
Scrolls
 e - 2 scrolls of noise {unknown}
 f - 3 scrolls of enchant weapon {unknown}
 h - a scroll of amnesia {unknown}
 k - a scroll of silence {unknown}
 n - a scroll of brand weapon {unknown}
 u - a scroll of enchant armour {unknown}
Potions
 d - a potion of lignification {unknown}
 g - a potion of haste {unknown}
 o - a potion of might {unknown}
 r - a potion of flight {unknown}
 x - a potion of heal wounds {unknown}


   Skills:
 * Level 4.7 Fighting
 * Level 5.6 Axes
 * Level 2.3 Armour
 + Level 1.0 Dodging
 * Level 0.6 Shields
 - Level 1.0 Spellcasting
 - Level 3.2 Fire Magic


You had 6 spell levels left.
You didn't know any spells.
Your spell library contained the following spells:

 Spells                   Type           Power      Damage    Failure   Level
 Scorch                   Fire           18%        2d5       24%         2
 Sting                    Tmut/Pois      0%         1d3       52%         1
 Ensorcelled Hibernation  Hex/Ice        0%         N/A       67%         2
 Passwall                 Tmut/Erth      0%         N/A       67%         2
 Poisonous Vapours        Pois/Air       0%         N/A       67%         2
 Stone Arrow              Conj/Erth      0%         3d7       88%         3
 Swiftness                Air            0%         N/A       88%         3
 Animate Armour           Summ/Erth      0%         N/A       99%         4
 Olgreb's Toxic Radiance  Pois           0%         N/A       99%         4
 Lehudib's Crystal Spear  Conj/Erth      0%         10d2      100%        8


Dungeon Overview and Level Annotations

Branches:
Dungeon (3/15)

Altars:

Shops:
D:1 *[=(

Annotations:
D:3 Ijyb


Message History

Ijyb closely misses you.
You closely miss Ijyb.
Ijyb is severely wounded.
Ijyb barely misses you.
You hit Ijyb.
Ijyb is almost dead.
Ijyb hits you but does no damage.
You barely miss Ijyb.
Ijyb is almost dead.
Ijyb zaps a wand.
Your mind is blasted!
* * * LOW HITPOINT WARNING * * *
Ijyb hits you but does no damage.
You hit Ijyb but do no damage.
Ijyb is almost dead.
Ijyb barely misses you.
You hit Ijyb but do no damage.
Ijyb is almost dead.
You block Ijyb's attack.
You barely miss Ijyb.
Ijyb is almost dead.
Ijyb zaps a wand.
You barely resist. Ijyb hits you with a +0 dagger.
* * * LOW HITPOINT WARNING * * *
You barely miss Ijyb.
Ijyb is almost dead.
You block Ijyb's attack.
You barely miss Ijyb.
Ijyb is almost dead.
You block Ijyb's attack.
You hit Ijyb but do no damage.
Your weapon exudes an aura of protection.
Ijyb is almost dead.
Ijyb hits you with a +0 dagger.
* * * LOW HITPOINT WARNING * * *
You completely miss Ijyb.
Ijyb is almost dead.
Ijyb hits you but does no damage. x2
You barely miss Ijyb.
Ijyb is almost dead.
Ijyb hits you with a +0 dagger.
You die...

###########
......g@..#
.#.####>..###
#.......#
#.......#
#.......#
###.).#.####
............#
.#.#####....#
...
#..##.#######


You could see Ijyb.

Vanquished Creatures
  An orc priest (D:2)
  Robin (D:2)
  2 gnolls (D:3)
  2 adders
  2 worms (D:2)
  3 dart slugs
  3 orcs (D:2)
  3 ball pythons
  3 endoplasms
  7 giant cockroaches (D:1)
  11 goblins
  6 hobgoblins
  A quokka (D:1)
  4 bats
  A frilled lizard (D:2)
  A kobold (D:2)
  5 rats
56 creatures vanquished.

Notes
Turn   | Place    | Note
-------+----------+-------------------------------------------
     0 | D:1      | Banquo the Hill Orc Cinder Acolyte began the quest for the
                  | Orb.
     0 | D:1      | Reached XP level 1. HP: 19/19 MP: 2/2
   263 | D:1      | Reached XP level 2. HP: 26/27 MP: 3/3
   273 | D:1      | Found Mahanunn's General Store.
   393 | D:1      | Found Xuol's Antique Armour Emporium.
   485 | D:1      | Found Tyeqoc's Jewellery Shoppe.
   729 | D:1      | Found a faded altar of an unknown god.
  1067 | D:1      | Found Uxkayc's Weapon Shop.
  1245 | D:1      | Reached XP level 3. HP: 32/33 MP: 4/4
  1373 | D:2      | Noticed an ogre
  1441 | D:1      | Reached skill level 1 in Armour
  1917 | D:2      | Reached skill level 5 in Axes
  1917 | D:2      | Reached XP level 4. HP: 35/41 MP: 5/5
  2265 | D:2      | Noticed Robin
  2309 | D:2      | Killed Robin
  3439 | D:3      | Reached XP level 5. HP: 47/47 MP: 6/6
  3876 | D:3      | Reached skill level 1 in Dodging
  3950 | D:3      | Noticed Ijyb
  3970 | D:3      | Slain by Ijyb

Illustrated notes

Levels and vault maps discovered:
D:1:      matt_arrival_spirals, layout_basic, serial_shops, nicolae_shop_stone,
          shop, nicolae_shop_bloodbath_and_beyond, shop,
          dreamdust_ecumenical_altar_grove, roderic_roman_lattice,
          minmay_worlds_worst_comb
D:2:      layout_basic, uniq_robin
D:3:      minmay_door_path, layout_loops_cross, uniq_ijyb

Skill      XL: |  1  2  3  4  5 |
---------------+----------------+-----
Fighting       | 4 |  4.7
Armour         | 1 2 |  2.3
Axes           | 5 |  5.6
Dodging        | 1 |  1.0
Shields        | |  0.6
Spellcasting   | |  1.0
Fire Magic     | |  3.2

Action                   |  1- 3 |  4- 6 || total
-------------------------+-------+-------++-------
Melee: Hand axe          |    87 |     6 ||    93
       Flail             |       |    87 ||    87
Armor: Leather armour    |    18 |    30 ||    48
       Ring mail         |       |    15 ||    15
Dodge: Dodged            |    48 |    63 ||   111
Block: Buckler           |       |    15 ||    15
